 Dungeon Crawl Stone Soup version 0.24-a0-584-g9d6b971ae4 (webtiles) character file.

Game seed: 8784750453206240629, levelgen mode: deterministic

75 Mithandil the Shield-Bearer (level 4, -9/40 HPs)
             Began as a Minotaur Fighter on Sept 2, 2019.
             Killed by divine providence
             ... invoked by an orc priest
              (11 damage)
             ... on level 3 of the Dungeon.
             The game lasted 00:06:29 (980 turns).

Mithandil the Shield-Bearer (Minotaur Fighter)       Turns: 980, Time: 00:06:30

Health: -9/40      AC: 10    Str: 26    XL:     4   Next: 11%
Magic:  3/3        EV:  6    Int:  5    God:
Gold:   96         SH: 11    Dex: 10    Spells: 3/3 levels left

rFire    . . .     SeeInvis .   b - +2 dagger (drain)
rCold    . . .     Gourm    .   c - +1 shield
rNeg     . . .     Faith    .   i - +0 chain mail
rPois    .         Spirit   .   (helmet restricted)
rElec    .         Reflect  .   (no cloak)
rCorr    .         Harm     .   (no gloves)
MR       .....                  h - +0 pair of boots
Stlth    ..........             (no amulet)
HPRegen  0.13/turn              (no ring)
MPRegen  0.08/turn              (no ring)

@: mighty
A: retaliatory headbutt, horns 2
a: no special abilities


You were on level 3 of the Dungeon.
You were not hungry.

You visited 1 branch of the dungeon, and saw 3 of its levels.

You collected 96 gold pieces.

Inventory:

Hand Weapons
 a - a +1 long sword
 b - a +2 dagger of draining (weapon)
Missiles
 e - 58 stones (quivered)
 j - 17 sling bullets
Armour
 c - a +1 shield (worn)
 h - a +0 pair of boots (worn)
 i - a +0 chain mail (worn)
Scrolls
 l - 3 scrolls of remove curse
 m - a scroll of fog
 n - a scroll of identify
Potions
 k - a potion of magic
Comestibles
 f - 3 rations
 g - 3 chunks of flesh


   Skills:
 + Level 4.0 Fighting
 + Level 0.2(1.9) Short Blades
 * Level 3.4 Long Blades
 + Level 4.0 Armour
 + Level 1.1 Dodging
 * Level 4.6 Shields


You had 3 spell levels left.
You didn't know any spells.
Your spell library was empty.

Dungeon Overview and Level Annotations

Branches:
Dungeon (3/15)

Altars:


Innate Abilities, Weirdness & Mutations

You reflexively headbutt those who attack you in melee.
You have a pair of horns on your head.


Message History

The orc warrior is severely wounded.
The orc warrior hits you with a +0 trident.
* * * LOW HITPOINT WARNING * * *
You hit the orc warrior but do no damage.
You drain the orc warrior. You headbutt the orc warrior.
The orc warrior is severely wounded.
You block the orc warrior's attack.
The orc priest looks encouraged for a moment.
You hit the orc warrior. You drain the orc warrior.
Your headbutt misses the orc warrior.
The orc warrior is almost dead.
The orc warrior hits you with a +0 trident.
* * * LOW HITPOINT WARNING * * *
The orc priest calls upon Beogh to heal the orc warrior.
The orc warrior is healed somewhat.
You feel very mighty all of a sudden. You block the orc warrior's attack.
The orc priest invokes the aid of Beogh against you.
Beogh smites you!
You die...

##
.#
.#
.#
##.#
#<.#
#@##
#o#
#o#
#.#
#.#
#.#
#.#
#.#


You could see an orc warrior and an orc priest.

Vanquished Creatures
  An adder (D:2)
  2 gnolls (D:1)
  An ooze (D:1)
  A worm (D:2)
  A dart slug (D:1)
  2 leopard geckos (D:1)
  An orc (D:3)
  6 bats (D:1)
  3 giant cockroaches (D:1)
  5 goblins
  3 hobgoblins (D:1)
  4 frilled lizards
  A kobold (D:1)
  4 rats (D:1)
35 creatures vanquished.

Notes
Turn   | Place    | Note
-------+----------+-------------------------------------------
     0 | D:1      | Mithandil the Minotaur Fighter began the quest for the Orb.
     0 | D:1      | Reached XP level 1. HP: 19/19 MP: 0/0
    51 | D:1      | Reached XP level 2. HP: 27/27 MP: 1/1
   176 | D:1      | Reached XP level 3. HP: 33/33 MP: 2/2
   383 | D:1      | Reached skill level 1 in Dodging
   799 | D:1      | Reached XP level 4. HP: 40/40 MP: 3/3
   958 | D:3      | Noticed an orc warrior
   979 | D:3      | HP: 2/40 [orc warrior/+0 trident (4)]
   980 | D:3      | Killed from afar by an orc priest

Levels and vault maps discovered:
D:1:      dpeg_arrival_three_bigger_balls, layout_basic, chequers_garden,
          minmay_misc_feat_hallway
D:2:      layout_rooms
D:3:      layout_loops_ring, ebering_ghost_gozag, first_ration,
          minmay_misc_feat_iff, minivault_23, makhleb_blood_cavern_becter,
          uniq_jessica

Skill      XL: |  1  2  3 |
---------------+----------+-----
Shields        | 4 |  4.6
Long Blades    | 3 |  3.4
Dodging        | 1 |  1.1
Armour         | 4 |  4.0
Fighting       | 4 |  4.0
Short Blades   | |  0.2

Action                   |  1- 3 |  4- 6 || total
-------------------------+-------+-------++-------
Melee: Long sword        |    68 |     6 ||    74
       Headbutt          |    13 |     5 ||    18
       Dagger            |     1 |    21 ||    22
  Use: Scroll            |     6 |       ||     6
       Potion            |     4 |     1 ||     5
Armor: Scale mail        |    15 |       ||    15
       Chain mail        |    26 |     4 ||    30
Dodge: Dodged            |    14 |     1 ||    15
Block: Shield            |    32 |    12 ||    44
       Rpst.: Long sword |     6 |       ||     6

Table legend:
 A = Non-vault XP
 B = Vault XP
 C = Vault XP percentage of total XP
 D = Non-vault monster count
 E = Vault monster count
 F = Vault count percentage of total count
                 A         B        C        D         E       F
            +---------+---------+-------+---------+---------+-------
      Total |     108 |       0 |   0.0 |      35 |       0 |   0.0
            +---------+---------+-------+---------+---------+-------
        D:1 |      82 |       0 |   0.0 |      29 |       0 |   0.0
        D:2 |      23 |       0 |   0.0 |       5 |       0 |   0.0
        D:3 |       3 |       0 |   0.0 |       1 |       0 |   0.0
            +---------+---------+-------+---------+---------+-------
